 Dungeon Crawl Stone Soup version 0.22-a0-192-g6ffc940 (webtiles) character file.

548 varam the Cleaver (level 7, -19/57 HPs)
             Began as a Hill Orc Fighter on Feb 16, 2018.
             Killed from afar by an orc wizard (29 damage)
             ... with an exploding inner flame
             ... hexed by the player character
             ... on level 4 of the Dungeon.
             The game lasted 00:07:33 (3862 turns).

varam the Cleaver (Hill Orc Fighter)                Turns: 3862, Time: 00:07:34

Health: -19/57     AC:  6    Str: 19    XL:     7   Next: 28%
Magic:  7/7        EV:  7    Int: 10    God:
Gold:   289        SH: 10    Dex: 10    Spells: 6/6 levels left

rFire    . . .     SeeInvis .   a - +0 war axe
rCold    . . .     Gourm    .   c - +0 shield
rNeg     + . .     Faith    .   b - +0 scale mail
rPois    +         Spirit   .   (no helmet)
rElec    .         Reflect  .   (no cloak)
rCorr    .         Harm     .   (no gloves)
MR       .....                  (no boots)
Stlth    +.........             d - macabre finger necklace {rN+}
HPRegen  0.19/turn              i - ring of stealth
MPRegen  0.10/turn              (no ring)
                                (no ring)

@: very slightly contaminated
A: sense surroundings 1, poison resistance
a: Convert to Beogh


You were on level 4 of the Dungeon.
You were very hungry.

You visited 1 branch of the dungeon, and saw 4 of its levels.

You collected 289 gold pieces.

Inventory:

Hand Weapons
 a - a +0 war axe (weapon)
Missiles
 n - 49 sling bullets
Armour
 b - a +0 scale mail (worn)
 c - a +0 shield (worn)
 v - a +0 helmet
Jewellery
 d - the macabre finger necklace (around neck) {rN+}
   (You found it on level 4 of the Dungeon)

   [amulet of nothing]

   It protects you from negative energy.
 i - a ring of stealth (left hand)
Scrolls
 e - a scroll of random uselessness {unknown}
 g - a scroll of magic mapping {unknown}
 h - 2 scrolls of amnesia {unknown}
 l - 3 scrolls of identify
 m - 4 scrolls of remove curse
 o - a scroll of blinking
 p - 2 scrolls of immolation
 t - 3 scrolls of fear {unknown}
Potions
 j - a potion of invisibility {unknown}
Comestibles
 f - 7 rations


   Skills:
 - Level 3.6 Fighting
 * Level 8.5 Axes
 - Level 3.2 Armour
 + Level 5.7 Shields


You had 6 spell levels left.
You didn't know any spells.

Dungeon Overview and Level Annotations

Branches:
Dungeon (4/15)
 Temple: D:4-7

Altars:
Dithmenos
Nemelex Xobeh

Shops:
D:4 [


Innate Abilities, Weirdness & Mutations

You passively map a small area around you.
Your system is resistant to poisons. (rPois)


Message History

Okay, then.
As you read the scroll labeled YMIUZA GEGET, it crumbles to dust.
It is a scroll of identify.
m - 4 scrolls of remove curse You block the orc wizard's attack. x2
Blink to where?
Press: ? - help, Dir - move target cursor You are very lightly contaminated with residual magic.
As you read the scroll labeled NEFALATEUJ, it crumbles to dust.
It was a scroll of blinking.
Found a scroll labeled AMEOLO MEALADU.
You aren't carrying any items that you can evoke.
You hear some strange, mumbled words.
A puff of flame appears from out of thin air!
The puff of flame hits you!
* * * LOW HITPOINT WARNING * * *
The orc priest invokes the aid of Beogh against you.
The fiery explosion engulfs you!
Ouch! That really hurt!
You die...

* #+##.........# ,,
##...#########.#
*##.....## ##.#
##.......## ##..# * *
#.?.......####...#######
+.......o.oo............
#.....§.§o####...#######
#....§§§#* ##.## #....@#
#... *, ##.!.## ###.#
##+# .# * * ,# ,* * * *
* , , ,, * ,


You could see an orc priest (inner flame), 2 orc wizards and an orc (inner
flame).

Vanquished Creatures
  2 ogres (D:4)
  A howler monkey (D:4)
  A hound (D:4)
  An orc priest (D:4)
  3 orc wizards (D:4)
  A worker ant (D:4)
  6 adders
  An ooze (D:2)
  5 worms
  2 dart slugs (D:2)
  2 leopard geckos (D:2)
  14 orcs
  2 ball pythons (D:3)
  10 bats
  5 giant cockroaches
  9 goblins
  8 hobgoblins
  3 jackals (D:1)
  2 quokkas (D:3)
  7 frilled lizards
  5 kobolds
  6 rats
96 creatures vanquished.

Notes
Turn   | Place    | Note
-------+----------+-------------------------------------------
     0 | D:1      | varam the Hill Orc Fighter began the quest for the Orb.
     0 | D:1      | Reached XP level 1. HP: 19/19 MP: 1/1
    29 | D:1      | Reached skill level 3 in Axes
   152 | D:1      | Reached XP level 2. HP: 24/26 MP: 2/2
   460 | D:1      | Reached skill level 4 in Axes
   517 | D:1      | Reached XP level 3. HP: 31/31 MP: 3/3
   848 | D:2      | Found a sparkling altar of Nemelex Xobeh.
   854 | D:2      | Reached skill level 4 in Shields
   854 | D:2      | Reached XP level 4. HP: 37/39 MP: 4/4
   871 | D:2      | Reached skill level 5 in Axes
  1528 | D:2      | Gained mutation: You passively map a small area around you. [potion of mutation]
  1528 | D:2      | Gained mutation: Your system is resistant to poisons. (rPois) [potion of mutation]
  1530 | D:2      | HP: 3/39 [poisoned by an adder]
  1581 | D:2      | Found a shadowy altar of Dithmenos.
  1884 | D:3      | Reached XP level 5. HP: 35/45 MP: 5/5
  2119 | D:3      | Reached skill level 6 in Axes
  2717 | D:4      | Reached XP level 6. HP: 50/51 MP: 6/6
  2728 | D:4      | Reached skill level 7 in Axes
  2732 | D:4      | Reached skill level 5 in Shields
  3383 | D:4      | Reached skill level 8 in Axes
  3383 | D:4      | Reached XP level 7. HP: 24/57 MP: 7/7
  3582 | D:4      | Found the macabre finger necklace {rN+}
  3726 | D:4      | Found Foalebio's Armour Shop.
  3862 | D:4      | Killed from afar by an orc wizard

Vault maps used:
D:1:      dpeg_arrival_lava_altar, minmay_heptomino_l4
D:2:      nemelex_xobeh_ov_fountains_minmay, first_ration, columned_hall_lemuel,
          nicolae_dithmenos_shadow_blocks
D:3:      chequers_big_river, minmay_misc_feat_doors
D:4:      serial_shops, nicolae_shop_stone

Skill      XL: |  1  2  3  4  5  6 |
---------------+-------------------+-----
Axes           | 3 4 5 6 8 |  8.5
Shields        | 4 5 |  5.7
Fighting       | |  3.6
Armour         | |  3.2

Action                   |  1- 3 |  4- 6 |  7- 9 || total
-------------------------+-------+-------+-------++-------
Melee: War axe           |   128 |   217 |    22 ||   367
  Use: Potion            |       |    10 |       ||    10
       Scroll            |       |       |     3 ||     3
  Eat: Chunk             |       |     8 |     1 ||     9
Armor: Scale mail        |    59 |    82 |     5 ||   146
Dodge: Dodged            |    40 |    60 |     4 ||   104
Block: Shield            |    74 |    99 |    18 ||   191

Table legend:
 A = Spawn XP
 B = Non-spawn XP
 C = Spawn XP percentage of total XP
 D = Spawn monster count
 E = Non-spawn monster count
 F = Spawn count percentage of total count
 G = Total turns spent on level
                    A         B        C        D         E        F      G
               +---------+---------+-------+---------+---------+-------+---------
         Total |       0 |     783 |   0.0 |       0 |      96 |   0.0 |  3862
               +---------+---------+-------+---------+---------+-------+---------
           D:1 |       0 |      38 |   0.0 |       0 |      25 |   0.0 |   647
           D:2 |       0 |     122 |   0.0 |       0 |      30 |   0.0 |  1231
           D:3 |       0 |      69 |   0.0 |       0 |      22 |   0.0 |   741
           D:4 |       0 |     554 |   0.0 |       0 |      19 |   0.0 |  1243
               +---------+---------+-------+---------+---------+-------+---------
